cohdb
Replays
Latest Replays
All Replays
Popular Replays
Top Player Replays
Match Explorer
How It Works
Community
CoH3 Stats
Reddit
Sign in to upload your games and track your stats! →
Sign in with Steam
Match 45184770
Unlisted
Match 45184770
Overview
Messages
Build Orders
End
Kradschützen Motorcycle Team
Panzergrenadier Squad
Panzergrenadier Squad
Construct Light Support Kompanie
Assault Grenadier Squad
Fire Support Elements
Selects Italian Infantry
Selects Guastatori Squad
Guastatori Squad
Pak 38 Mechanized Group
Veteran Squad Leaders
Selects Defensive Operations
Construct Panzerarmee Kommand
Selects Prepared Positions
Walking Stuka Rocket Launcher
Flak 36 Anti-tank Gun Team
Armored Reserves
Selects Registered Artillery
Selects Obice 305mm Barrage
Panzer IV Assault Group
Selects Towed Cannone da 105/28 Field Howitzer
Tiger Heavy Tank
Guastatori Squad
Sihubergen
Thmln
Skeng.Tecnica.International
Rather Splendid Cromwell
0
0
Comments
sign in to comment!
No comments posted yet!